 Dungeon Crawl Stone Soup version 0.21.1-1-g345015f (webtiles) character file.

84 Iko the Skirmisher (level 4, -3/41 HPs)
             Began as a Minotaur Monk on May 12, 2018.
             Slain by a bullfrog skeleton (4 damage)
             ... on level 4 of the Dungeon.
             The game lasted 00:06:46 (665 turns).

Iko the Skirmisher (Minotaur Monk)                   Turns: 665, Time: 00:06:46

Health: -3/41      AC: 15    Str: 14 (15) XL:     4   Next: 23%
Magic:  3/3        EV:  7    Int:  8      God:
Gold:   38         SH:  0    Dex: 13      Spells: 3/3 levels left

rFire    . . .     SeeInvis .   d - +1 flail (protect)
rCold    . . .     Gourm    .   (no shield)
rNeg     . . .     Faith    .   e - +0 chain mail
rPois    .         Spirit   .   (helmet restricted)
rElec    .         Reflect  .   (no cloak)
rCorr    .         Harm     .   (no gloves)
MR       .....                  (no boots)
Stlth    ..........             (no amulet)
HPRegen  0.13/turn              (no ring)
MPRegen  0.08/turn              (no ring)

@: protection aura
A: retaliatory headbutt, horns 2
a: no special abilities


You were on level 4 of the Dungeon.
You were not hungry.

You visited 1 branch of the dungeon, and saw 4 of its levels.

You collected 38 gold pieces.

Inventory:

Hand Weapons
 d - a +1 flail of protection (weapon)
Armour
 e - a +0 chain mail (worn)
Wands
 a - a wand of paralysis (11)
Comestibles
 c - 3 rations


   Skills:
 + Level 4.7 Fighting
   Level 4.0 Long Blades
 + Level 1.0 Maces & Flails
 + Level 4.2 Dodging
 + Level 1.9 Stealth


You had 3 spell levels left.
You didn't know any spells.

Dungeon Overview and Level Annotations

Branches:
Dungeon (4/15)
 Temple: D:4-7

Altars:
Ashenzari
Yredelemnul

Annotations:
D:4 LLlMATKO's ghost, novice MiBe; Sigmund


Innate Abilities, Weirdness & Mutations

You reflexively headbutt those who attack you in melee.
You have a pair of horns on your head.


Message History

The howler monkey hoots and howls with incredible vigour!
A ball python comes into view.
The ball python hisses angrily.
You hear a shout!
You hear a bark! x2
You hear a howl!
You hear a bark!
The helpless LLlMATKO's ghost fails to defend itself.
You hit LLlMATKO's ghost.
LLlMATKO's ghost is almost destroyed.
LLlMATKO's ghost is no longer paralysed.
The bullfrog skeleton hits you but does no damage.
The scorpion completely misses you.
The howler monkey hits you but does no damage.
LLlMATKO's ghost hits you.
* * * LOW HITPOINT WARNING * * *
The bullfrog skeleton hits you but does no damage.
You closely miss LLlMATKO's ghost.
LLlMATKO's ghost is almost destroyed.
The howler monkey hits you but does no damage.
The scorpion stings you but does no damage.
The bullfrog skeleton hits you.
You die...

.......#.# .......#.#
####### .......#.#
......#
#.#......#####......#
....................#
#.#.................#
.........s.h........#
#.#....<..@WS.......#
..........Z.........#
#.#..####.####......#
.... #.# ......# #.#
#.# ......# # #.#
......# #.# ......#
... ##.....


You could see a scorpion, a howler monkey, LLlMATKO's ghost, a ball python and a
bullfrog skeleton.

Vanquished Creatures
  An orc priest (D:3)
  2 adders
  2 worms (D:2)
  A dart slug (D:3)
  4 orcs (D:3)
  A bat (D:2)
  A giant cockroach (D:3)
  A goblin (D:3)
  A hobgoblin (D:3)
  4 jackals (D:3)
  A kobold (D:3)
  3 quokkas
  2 frilled lizards (D:3)
  A rat (D:3)
25 creatures vanquished.

Notes
Turn   | Place    | Note
-------+----------+-------------------------------------------
     0 | D:1      | Iko the Minotaur Monk began the quest for the Orb.
     0 | D:1      | Reached XP level 1. HP: 19/19 MP: 0/0
    83 | D:2      | Reached XP level 2. HP: 10/27 MP: 1/1
   249 | D:3      | Reached XP level 3. HP: 11/33 MP: 2/2
   260 | D:4      | Found a basalt altar of Yredelemnul.
   260 | D:4      | Noticed Sigmund
   270 | D:3      | Found a shattered altar of Ashenzari.
   534 | D:3      | Reached skill level 1 in Maces & Flails
   534 | D:3      | Reached XP level 4. HP: 3/41 MP: 3/3
   647 | D:4      | Noticed LLlMATKO's ghost (novice MiBe)
   664 | D:4      | HP: 1/41 [LLlMATKO's ghost (6)]
   665 | D:4      | Slain by a bullfrog skeleton

Skill      XL: |  1  2  3 |
---------------+----------+-----
Fighting       | 4 |  4.7
Long Blades    | 4 |  4.0
Maces & Flails | 1 |  1.0
Dodging        | 4 |  4.2
Stealth        | |  1.9

Action                   |  1- 3 |  4- 6 || total
-------------------------+-------+-------++-------
Melee: Falchion          |    14 |       ||    14
       Headbutt          |    10 |     4 ||    14
       Flail             |    46 |    13 ||    59
Evoke: Wand              |     2 |     2 ||     4
  Use: Scroll            |     7 |       ||     7
       Potion            |     3 |       ||     3
 Stab: Sleeping          |     3 |       ||     3
       Paralysed         |     2 |     9 ||    11
Armor: Robe              |    16 |       ||    16
       Chain mail        |       |    17 ||    17
Dodge: Dodged            |    42 |     6 ||    48
       Rpst.: Falchion   |     2 |       ||     2
